MLB
NEW YORK YANKEES @ NEW YORK METS
05/08/2099
 
TOP OF THE 1ST
New York Yankees batting - Pitching for New York Mets : RHP Luis Manzano
Pitching: RHP Luis Manzano
Batting: SHB Chris Clark 0-0: Fly out, F4 (Line Drive, 4, EV 71.3 MPH)
Batting: RHB Cedric Tracy 0-0: Ball
1-0: Fly out, F3 (Popup, 3SF, EV 63.8 MPH)
Batting: RHB Brandon Thomas 0-0: Ball
1-0: Foul Ball, location: 2F
1-1: Ground out 4-3 (Groundball, 4, EV 81.3 MPH)
Top of the 1st over - 0 runs, 0 hits, 0 errors, 0 left on base; New York 0 - New York 0
BOTTOM OF THE 1ST
New York Mets batting - Pitching for New York Yankees : RHP Dave Linkous
Pitching: RHP Dave Linkous
Batting: LHB Tyler Brown 0-0: Called Strike
0-1: Foul Ball, location: 5F
0-2: Ball
1-2: Ground out 4-3 (Groundball, 4, EV 78.8 MPH)
Batting: RHB Jeff Hestermann 0-0: Called Strike
0-1: Ball
1-1: Fly out, F9 (Flyball, 89D, EV 104.4 MPH)
Batting: LHB Omar Gomez 0-0: Ball
1-0: Ball
2-0: Fly out, F7 (Flyball, 7D, EV 104.4 MPH)
Bottom of the 1st over - 0 runs, 0 hits, 0 errors, 0 left on base; New York 0 - New York 0
TOP OF THE 2ND
New York Yankees batting - Pitching for New York Mets : RHP Luis Manzano
Batting: LHB Jose Guevara 0-0: SINGLE (Line Drive, 8LS, EV 105.0 MPH)
Batting: RHB Zach Sterling 0-0: Swinging Strike
0-1: Ball
1-1: Foul Ball, location: 25F
1-2: Grounds into double play, 6-4-3 (Groundball, 6, EV 78.8 MPH)
Batting: LHB Bobby Brown 0-0: Foul Ball, location: 5FF
0-1: Foul Ball, location: 2F
0-2: Ball
1-2: Foul Ball, location: 23F
1-2: Strikes out swinging
Top of the 2nd over - 0 runs, 1 hit, 0 errors, 0 left on base; New York 0 - New York 0
BOTTOM OF THE 2ND
New York Mets batting - Pitching for New York Yankees : RHP Dave Linkous
Batting: LHB Bill Hayden 0-0: SOLO HOME RUN (Flyball, 89XD, EV 110.6 MPH), Distance : 420 ft
Batting: RHB Jimmy Moore 0-0: Called Strike
0-1: Ball
1-1: Ground out 5-3 (Groundball, 5S, EV 82.5 MPH)
Batting: RHB Marty Krpan 0-0: Swinging Strike
0-1: Ball
1-1: Foul Ball, location: 23F
1-2: Fly out, F8 (Flyball, 78D, EV 102.5 MPH)
Batting: RHB Mitsuro Kishi 0-0: Called Strike
0-1: Ball
1-1: Swinging Strike
1-2: SINGLE (Groundball, 25, EV 68.1 MPH) (infield hit)
Batting: RHB Chris Sims 0-0: Ball
1-0: Foul Ball, location: 9LMF
1-1: SINGLE (Groundball, 4MD, EV 98.1 MPH)
Mitsuro Kishi to second
Batting: LHB Chao Siew 0-0: Swinging Strike
0-1: Foul Ball, location: 2F
0-2: Strikes out swinging
Bottom of the 2nd over - 1 run, 3 hits, 0 errors, 2 left on base; New York 0 - New York 1
TOP OF THE 3RD
New York Yankees batting - Pitching for New York Mets : RHP Luis Manzano
Batting: RHB Aaron Comeaux 0-0: Ball
1-0: Foul Ball, location: 23F
1-1: Foul Ball, location: 25FF
1-2: Ball
2-2: Ball
3-2: Ground out 6-3 (Groundball, 6, EV 86.9 MPH)
Batting: LHB Ryan McCullough 0-0: Swinging Strike
0-1: Ball
1-1: Ball
2-1: Called Strike
2-2: Ground out 5-3 (Groundball, 5, EV 81.9 MPH)
Batting: RHB Jeff Gerdom 0-0: Ball
1-0: Ball
2-0: Called Strike
2-1: SINGLE (Line Drive, 78S, EV 91.9 MPH)
Batting: SHB Chris Clark 0-0: Ball
1-0: Ground out 6-3 (Groundball, 6MD, EV 106.3 MPH)
Top of the 3rd over - 0 runs, 1 hit, 0 errors, 1 left on base; New York 0 - New York 1
BOTTOM OF THE 3RD
New York Mets batting - Pitching for New York Yankees : RHP Dave Linkous
Batting: LHB Tyler Brown 0-0: Ball
1-0: Foul Ball, location: 9LSF
1-1: Ball
2-1: Ball
3-1: SINGLE (Line Drive, 5D, EV 102.5 MPH)
Batting: RHB Jeff Hestermann 0-0: Called Strike
0-1: Fly out, F3 (Popup, 3SF, EV 85.6 MPH)
Batting: LHB Omar Gomez 0-0: Called Strike
0-1: Ball
1-1: Fly out, F7 (Flyball, 7D, EV 93.8 MPH)
Batting: LHB Bill Hayden 0-0: Ball
1-0: Called Strike
1-1: Fly out, F6 (Popup, 6MD, EV 71.3 MPH)
Bottom of the 3rd over - 0 runs, 1 hit, 0 errors, 1 left on base; New York 0 - New York 1
TOP OF THE 4TH
New York Yankees batting - Pitching for New York Mets : RHP Luis Manzano
Batting: RHB Cedric Tracy 0-0: Fly out, F7 (Flyball, 7S, EV 82.5 MPH)
Batting: RHB Brandon Thomas 0-0: Ground out 5-3 (Groundball, 5S, EV 71.9 MPH)
Batting: LHB Jose Guevara 0-0: Swinging Strike
0-1: Foul Ball, location: 3FF
0-2: Ball
1-2: Ball
2-2: Ball
3-2: Foul Ball, location: 2F
3-2: Strikes out swinging
Top of the 4th over - 0 runs, 0 hits, 0 errors, 0 left on base; New York 0 - New York 1
BOTTOM OF THE 4TH
New York Mets batting - Pitching for New York Yankees : RHP Dave Linkous
Batting: RHB Jimmy Moore 0-0: Ball
1-0: Called Strike
1-1: Ball
2-1: Called Strike
2-2: Ball
3-2: Base on Balls
Batting: RHB Marty Krpan 0-0: Called Strike
0-1: Ball
1-1: SINGLE (Groundball, P, EV 81.9 MPH) (infield hit)
Jimmy Moore to second
Batting: RHB Mitsuro Kishi 0-0: Ball
1-0: Called Strike
1-1: Ball
2-1: Called Strike
2-2: SINGLE (Line Drive, 6MD, EV 107.5 MPH)
Jimmy Moore to third
Marty Krpan to second
Batting: RHB Chris Sims 0-0: DOUBLE (Line Drive, 9LS, EV 93.1 MPH)
Jimmy Moore scores
Marty Krpan scores
Mitsuro Kishi to third
Batting: LHB Chao Siew 0-0: Ball
1-0: Ball
2-0: Foul Ball, location: 23F
2-1: DOUBLE (Line Drive, 78M, EV 100.0 MPH)
Mitsuro Kishi scores
Chris Sims scores
Batting: LHB Tyler Brown 0-0: Fly out, F5 (Popup, 56, EV 75.0 MPH)
Batting: RHB Jeff Hestermann 0-0: Ground out 6-3 (Groundball, 6, EV 90.0 MPH)
Batting: LHB Omar Gomez 0-0: Called Strike
0-1: Fly out, F7 (Flyball, 7LMF, EV 88.1 MPH)
Bottom of the 4th over - 4 runs, 4 hits, 0 errors, 1 left on base; New York 0 - New York 5
TOP OF THE 5TH
New York Yankees batting - Pitching for New York Mets : RHP Luis Manzano
Batting: RHB Zach Sterling 0-0: Ball
1-0: Foul Ball, location: 3DF
1-1: Foul Ball, location: 2F
1-2: Strikes out looking
Batting: LHB Bobby Brown 0-0: Ball
1-0: Fly out, F8 (Flyball, 8LD, EV 95.0 MPH)
Batting: RHB Aaron Comeaux 0-0: Ball
1-0: Foul Ball, location: 2F
1-1: Ground out 4-3 (Groundball, 4M, EV 78.1 MPH)
Top of the 5th over - 0 runs, 0 hits, 0 errors, 0 left on base; New York 0 - New York 5
BOTTOM OF THE 5TH
New York Mets batting - Pitching for New York Yankees : RHP Dave Linkous
Batting: LHB Bill Hayden 0-0: SOLO HOME RUN (Flyball, 89XD, EV 103.8 MPH), Distance : 411 ft
Pitching: RHP Bobby Beer
Batting: RHB Jimmy Moore 0-0: Swinging Strike
0-1: Foul Ball, location: 2F
0-2: Strikes out looking
Batting: RHB Marty Krpan 0-0: Ball
1-0: Ball
2-0: Swinging Strike
2-1: Called Strike
2-2: Strikes out swinging
Batting: RHB Mitsuro Kishi 0-0: Ball
1-0: Called Strike
1-1: Ball
2-1: Ball
3-1: Called Strike
3-2: SINGLE (Line Drive, 9S, EV 89.4 MPH)
Batting: RHB Chris Sims 0-0: Called Strike
0-1: Fielders Choice at 2nd, 5-4 (Groundball, 5L, EV 101.3 MPH)
Bottom of the 5th over - 1 run, 2 hits, 0 errors, 1 left on base; New York 0 - New York 6
TOP OF THE 6TH
New York Yankees batting - Pitching for New York Mets : RHP Luis Manzano
Batting: LHB Ryan McCullough 0-0: Ball
1-0: Ground out 6-3 (Groundball, 6, EV 83.8 MPH)
Batting: RHB Jeff Gerdom 0-0: Ball
1-0: Foul Ball, location: 9LDF
1-1: Ball
2-1: Ball
3-1: Base on Balls
Batting: SHB Chris Clark 0-0: DOUBLE (Flyball, 89XD, EV 99.4 MPH)
Jeff Gerdom to third
Batting: RHB Cedric Tracy 0-0: Ball
1-0: Called Strike
1-1: Called Strike
1-2: Ground out 5-3 (Groundball, 5L, EV 86.3 MPH)
Batting: RHB Brandon Thomas 0-0: Ball
1-0: Called Strike
1-1: Ground out 3-1 (Groundball, 34, EV 102.5 MPH)
Top of the 6th over - 0 runs, 1 hit, 0 errors, 2 left on base; New York 0 - New York 6
BOTTOM OF THE 6TH
New York Mets batting - Pitching for New York Yankees : RHP Bobby Beer
Batting: LHB Chao Siew 0-0: Ball
1-0: Called Strike
1-1: Ground out 6-3 (Groundball, 56, EV 80.0 MPH)
Batting: LHB Tyler Brown 0-0: Ground out U3 (Groundball, 34, EV 88.1 MPH)
Batting: RHB Jeff Hestermann 0-0: Ball
1-0: Fly out, F6 (Popup, 6M, EV 60.6 MPH)
Bottom of the 6th over - 0 runs, 0 hits, 0 errors, 0 left on base; New York 0 - New York 6
TOP OF THE 7TH
New York Yankees batting - Pitching for New York Mets : RHP Luis Manzano
Batting: LHB Jose Guevara 0-0: Called Strike
0-1: Foul Ball, location: 3FF
0-2: Foul Ball, location: 2F
0-2: Ball
1-2: Strikes out swinging
Batting: RHB Zach Sterling 0-0: Ground out 6-3 (Groundball, 6, EV 86.3 MPH)
Batting: LHB Bobby Brown 0-0: Foul Ball, location: 2F
0-1: Ball
1-1: Ball
2-1: Swinging Strike
2-2: SINGLE (Flyball, 8RS, EV 98.8 MPH)
Batting: RHB Aaron Comeaux 0-0: Ball
1-0: Called Strike
1-1: Ball
2-1: Foul Ball, location: 5F
2-2: Strikes out swinging
Top of the 7th over - 0 runs, 1 hit, 0 errors, 1 left on base; New York 0 - New York 6
BOTTOM OF THE 7TH
New York Mets batting - Pitching for New York Yankees : RHP Bobby Beer
Batting: LHB Omar Gomez 0-0: Called Strike
0-1: Foul Ball, location: 2F
0-2: Strikes out swinging
Batting: LHB Bill Hayden 0-0: Called Strike
0-1: Fly out, F7 (Flyball, 78M, EV 92.5 MPH)
Batting: RHB Jimmy Moore 0-0: Ball
1-0: Swinging Strike
1-1: Called Strike
1-2: Strikes out swinging
Bottom of the 7th over - 0 runs, 0 hits, 0 errors, 0 left on base; New York 0 - New York 6
TOP OF THE 8TH
New York Yankees batting - Pitching for New York Mets : RHP Luis Manzano
Pitching: RHP Rich Leake
Batting: LHB Ryan McCullough 0-0: Foul Ball, location: 2F
0-1: Foul Ball, location: 25F
0-2: Foul Ball, location: 3F
0-2: Fly out, F7 (Flyball, 7, EV 88.8 MPH)
Batting: RHB Jeff Gerdom 0-0: Ground out 2-3 (Groundball, 15S, EV 63.8 MPH)
Batting: SHB Chris Clark 0-0: Ball
1-0: Ball
2-0: Ball
3-0: Called Strike
3-1: Fly out, F6 (Popup, 15S, EV 86.9 MPH)
Top of the 8th over - 0 runs, 0 hits, 0 errors, 0 left on base; New York 0 - New York 6
BOTTOM OF THE 8TH
New York Mets batting - Pitching for New York Yankees : RHP Bobby Beer
Batting: RHB Marty Krpan 0-0: Swinging Strike
0-1: Ground out 5-3 (Groundball, 56, EV 99.4 MPH)
Batting: RHB Mitsuro Kishi 0-0: Called Strike
0-1: Ball
1-1: Swinging Strike
1-2: Foul Ball, location: 2F
1-2: Foul Ball, location: 3F
1-2: Fly out, F8 (Flyball, 8RXD, EV 100.6 MPH)
Batting: RHB Chris Sims 0-0: Ball
1-0: SINGLE (Line Drive, 6M, EV 99.4 MPH)
Batting: LHB Chao Siew 0-0: Ball
1-0: Ball
2-0: Ball
3-0: Called Strike
3-1: Foul Ball, location: 7LDF
3-2: Foul Ball, location: 2F
3-2: Base on Balls
Chris Sims to second
Batting: LHB Tyler Brown 0-0: Fly out, F7 (Line Drive, 7S, EV 103.1 MPH)
Bottom of the 8th over - 0 runs, 1 hit, 0 errors, 2 left on base; New York 0 - New York 6
TOP OF THE 9TH
New York Yankees batting - Pitching for New York Mets : RHP Rich Leake
Batting: RHB Cedric Tracy 0-0: Called Strike
0-1: Ball
1-1: Fly out, F6 (Line Drive, 4M, EV 74.4 MPH)
Batting: RHB Brandon Thomas 0-0: SINGLE (Groundball, 34D, EV 102.5 MPH)
Batting: LHB Jose Guevara 0-0: Ball
1-0: Foul Ball, location: 2F
1-1: Swinging Strike
1-2: Strikes out swinging
Batting: RHB Zach Sterling 0-0: Ball
1-0: Called Strike
1-1: Ball
2-1: Fly out, F7 (Flyball, 7, EV 82.5 MPH)
Top of the 9th over - 0 runs, 1 hit, 0 errors, 1 left on base; New York 0 - New York 6
Sunday, May 5th , 2024 - OOTP Baseball 24.11 Build 85